Unix NetHack Version 3.7.0-78 Work-in-progress - last build Mar 9 2023 01:51:46 (e1b806644f7dc75fed06536c1d2466fecd9570d3,branch:master). Game began 2023-03-16 22:36:01, ended 2023-03-23 21:50:21. Nyri, lawful female dwarven Valkyrie ----- ------- |...------ --|.....| |........| |.+.....| |.0.0.0..| |-|.....|-- -------.---- |.+.....+.| |.0.0)[.0.-- |-|.....|.| |........0.| |.+.....|.| |.0..0.0)..| --|.....|.| -----1-------- ------|.| |............| |.| |.0.0..0...0.| |.| --------)----| |.| |.0.00.a..0.| |.| |......@....| |.| -------.------ |.| |.......----------------.| |>......^^^^^^^^^^^^^%^^.| -------------------------- Nyri the Fighter St:18 Dx:12 Co:19 In:7 Wi:8 Ch:9 Lawful Dlvl:2 $:169 HP:0(72) Pw:12(12) AC:-1 Xp:7/854 T:5567 Latest messages: The grid bug is killed! The large cat drops a shuriken. The large cat picks up a shuriken. The grid bug turns to flee. The large cat bites the grid bug. The grid bug is killed! The grid bug turns to flee. The warg turns to flee. The large cat drops a shuriken. The large cat picks up a shuriken. The warg turns to flee. The large cat drops a shuriken. The large cat picks up a shuriken. The soldier ant turns to flee. The large cat drops a shuriken. The soldier ant turns to flee. The soldier ant turns to flee. The large cat bites it. The soldier ant turns to flee. Something is written here in the dust. You read: "Elbereth". The large cat bites the soldier ant. The soldier ant misses the large cat. The soldier ant stings the large cat. The large cat is killed! You stop waiting. You hit the soldier ant! You miss the soldier ant. You see here a scroll labeled ZLORFIK. K - a scroll labeled ZLORFIK. You see here an elven dagger. J - an elven dagger (at the ready). You see here an elven arrow. You see here an elven arrow. What do you want to throw? In what direction? The elven dagger misses the soldier ant. You hit the soldier ant. You miss the soldier ant. The soldier ant bites! The soldier ant stings! The soldier ant's sting was poisoned! You miss the soldier ant. The soldier ant bites! The soldier ant misses! The soldier ant bites! The soldier ant stings! You die... Do you want your possessions identified? [ynq] (y) Do you want to see your attributes? [ynq] (y) Inventory: Coins $ - 169 gold pieces Weapons a - a +1 dwarvish spear (weapon in hand) Armor v - an uncursed +0 orcish helm (being worn) c - an uncursed +3 small shield named i:stealth,tpath (being worn) p - an uncursed +1 elven mithril-coat (being worn) Scrolls K - an uncursed scroll of genocide Rings z - a blessed +1 ring of gain strength (on right hand) Q - an uncursed ring of warning (on left hand) Nyri the Valkyrie's attributes: Background: You were a Fighter, a level 7 dwarven Valkyrie. You were lawful, on a mission for Tyr who was opposed by Odin (neutral) and Loki (chaotic). You were in Sokoban, on level 2. You entered the dungeon 5567 turns ago. There was a new moon in effect when your adventure ended. You had 854 experience points, 426 more were needed to attain level 8. Basics: You had 0 out of 72 hit points. You had all 12 energy points (spell power). Your armor class was -1. Your wallet contained 169 zorkmids. Autopickup was off. Final Characteristics: Your strength was 18 (base:17, peak:18/02, limit:18/100). Your dexterity was 12 (limit:20). Your constitution was 19 (peak:20, limit:20). Your intelligence was 7 (limit:16). Your wisdom was 8 (limit:16). Your charisma was 9 (limit:16). Final Status: You were not hungry. You were unencumbered. You were wielding a spear. You had basic skill with spear and could have enhanced that. Final Attributes: You were piously aligned. You were cold resistant. You were telepathic. You were warned. You had infravision. You were stealthy. You were guarded. You were fast. You were very unlucky. You are dead. Miscellaneous: You never encountered a bones level. Total elapsed playing time was 2 hours, 15 minutes and 30 seconds. Major events: Turn 1: Nyri the lawful dwarven Valkyrie entered the dungeon 975: attained the rank of Skirmisher (level 3) 1748: entered the Gnomish Mines 2929: entered Sokoban 3335: completed 1st Sokoban level 4098: completed 2nd Sokoban level 4191: attained the rank of Fighter (level 6) 4710: completed 3rd Sokoban level 5567: killed by a soldier ant Vanquished creatures: 2 giant mimics a large cat a quivering blob a lizard a dog a dust vortex a snake a rope golem 3 Woodland-elves 3 water nymphs a mountain nymph a fog cloud a yellow light a shrieker a kobold mummy a black naga hatchling 2 elf zombies a paper golem a giant ant 5 floating eyes a rabid rat a giant bat 2 monkeys 2 iguanas 3 killer bees an acid blob 2 coyotes 2 hobbits a manes a hobgoblin a giant rat 2 yellow molds 6 gnomes 2 garter snakes a gnome zombie 4 geckos 11 jackals 5 kobolds 2 goblins 8 sewer rats 9 grid bugs 11 lichens a kobold zombie 4 newts 113 creatures vanquished. No species were genocided or became extinct. Voluntary challenges: You read items or engraved 13 times. You engraved Elbereth 10 times. You never genocided any monsters. You never polymorphed an object. You never changed form. You used no wishes. You violated the special Sokoban rules 11 times. Achievements: You entered a shop. You attained the rank of Skirmisher. You entered the Gnomish Mines. You entered Sokoban. You attained the rank of Fighter. The Dungeons of Doom: levels 1 to 7 Level 1: Level 2: A delicatessen. Level 3: Level 4: An altar, a fountain. Stairs down to The Gnomish Mines. Level 5: Many fountains. Level 6: Stairs up to Sokoban, level 5. Level 7: The Gnomish Mines: Level 5: Sokoban: levels 5 up to 2 Level 2: <- You were here. Unsolved. Final resting place for you, killed by a soldier ant. Level 3: Solved. Level 4: Solved. Level 5: Solved. Game over: ---------- / \ / REST \ / IN \ / PEACE \ / \ | Nyri | | 169 Au | | killed by a | | soldier ant | | | | | | 2023 | *| * * * | * _________)/\\_//(\/(/\)/\//\/|_)_______ Farvel Nyri the Valkyrie... You died in Sokoban on dungeon level 2 with 3869 points, and 169 pieces of gold, after 5567 moves. You were level 7 with a maximum of 72 hit points when you died.